 Dungeon Crawl Stone Soup version 0.30.0-13-g156ef70053 (webtiles) character file.

Game seed: 14849210940693425393

95 Esekla the Grave Robber (level 4, -3/28 HPs)
             Began as an Octopode Necromancer on May 17, 2023.
             Slain by a gnoll
             ... wielding a +1 spear of chaos
              (10 damage)
             ... on level 3 of the Dungeon.
             The game lasted 00:09:01 (1758 turns).

Esekla the Grave Robber (Octopode Necromancer)      Turns: 1758, Time: 00:09:02

Health: -3/28      AC:  1    Str:  7    XL:     4   Next: 65%
Magic:  1/7        EV: 13    Int: 19    God:
Gold:   91         SH:  0    Dex: 12    Spells: 3/7 levels left

rFire   . . .        i - +0 dagger
rCold   . . .        (no shield)
rNeg    . . .        (helmet restricted)
rPois   .            (no amulet)
rElec   .            (no ring)
rCorr   .            (no ring)
SInv    .            (no ring)
Will    .....        (no ring)
Stlth   +++          (no ring)
HPRegen 0.24/turn    (no ring)
MPRegen 0.10/turn    (no ring)
                     (no ring)

%: no passive effects
@: very slightly contaminated
A: almost no armour, amphibious, 8 rings, camouflage 1, gelatinous body 1,
(nimble swimmer 1), tentacles
a: no special abilities


You were on level 3 of the Dungeon.
You visited 1 branch of the dungeon, and saw 3 of its levels.

You collected 91 gold pieces.

Inventory:

Hand Weapons
 i - a +0 dagger (weapon)
Missiles
 s - a boomerang (quivered)
Jewellery
 c - a ring of ice
Scrolls
 b - 2 scrolls of teleportation {unknown}
 d - a scroll of enchant weapon {unknown}
 e - a scroll of enchant armour {unknown}
 f - a scroll of silence {unknown}
 j - 2 scrolls of identify {unknown}
 k - a scroll of fog {unknown}
 l - a scroll of noise {unknown}
 o - a scroll of brand weapon {unknown}
 q - a scroll of magic mapping {unknown}
 t - a scroll of poison {unknown}
Potions
 a - a potion of magic
 g - a potion of curing {unknown}
 h - a potion of lignification {unknown}
 m - 2 potions of mutation {unknown}
 n - a potion of ambrosia {unknown}
 p - a potion of invisibility {unknown}
 r - a potion of might {unknown}


   Skills:
 * Level 1.1 Fighting
 + Level 0.3 Short Blades
 * Level 2.4 Dodging
 + Level 3.5 Stealth
 * Level 2.2 Spellcasting
 * Level 0.6 Conjurations
 * Level 4.8 Necromancy
 * Level 0.4 Fire Magic


You had 3 spell levels left.
You knew the following spells:

 Your Spells              Type           Power      Damage    Failure   Level
a - Necrotise             Necr           80%        1d8       2%          1
d - Vampiric Draining     Necr           20%        2d7       7%          3

Your spell library contained the following spells:

 Spells                   Type           Power      Damage    Failure   Level
 Sublimation of Blood     Necr           20%        N/A       3%          2
 Sandblast                Erth           4%         2d4       17%         1
 Slow                     Hex            8%         N/A       17%         1
 Passwall                 Tmut/Erth      1%         N/A       26%         2
 Inner Flame              Hex/Fire       2%         N/A       41%         3
 Stone Arrow              Conj/Erth      6%         3d7       41%         3
 Confusing Touch          Hex            2%         N/A       45%         3
 Animate Dead             Necr           20%        N/A       22%         4
 Agony                    Necr           20%        N/A       54%         5
 Flame Wave               Conj/Fire      4%         2d5       78%         4
 Sticky Flame             Conj/Fire      4%         2d3       78%         4
 Petrify                  Tmut/Erth      2%         N/A       86%         4
 Irradiate                Conj/Tmut      1%         3d12      99%         5


Dungeon Overview and Level Annotations

Branches:
Dungeon (3/15)

Altars:
Hepliaklqana


Innate Abilities, Weirdness & Mutations

You cannot wear most types of armour.
You are amphibious.
You can wear up to eight rings at the same time.
Your skin changes colour to match your surroundings (Stealth+).
Your rubbery body absorbs attacks. (AC +1, EV +1)
((You are camouflaged when in or above water. (Stealth+)))
You have tentacles for arms and can constrict up to eight enemies at once.


Message History

The bat misses you.
You see here a scroll labelled SOIGUD ALAI.
You hit the bat.
You kill the bat!
t - a scroll labelled SOIGUD ALAI You start resting.
Magic restored.
You start resting.
HP restored.
Found a hazy altar of Hepliaklqana.
There is an empty arch of ancient stone here.
There is an empty arch of ancient stone here.
You see here a +0 leather armour.
You see here a +1 short sword of venom. 2 gnolls come into view.
A gnoll is wielding a +1 spear of chaos.
A gnoll is wielding a +0 club of chaos.
The gnoll shouts!
You see here a +1 short sword of venom.
The gnoll hits you with a +1 spear of chaos!
Space warps horribly around you!
Casting: Vampiric Draining (quite dangerous; 7% risk of failure)
Confirm with . or Enter, or press ? or * to list all spells.
The spell is quite dangerous to miscast (7% risk of failure)!
Continue anyway?
Aiming: Vampiric Draining (quite dangerous; 7% risk of failure)
Press: ? - help, Shift-Dir - straight line, f - gnoll
Aim: a gnoll, wielding a +1 spear of chaos You draw life force from the gnoll!
You feel life coursing into your body.
The gnoll hits you with a +1 spear of chaos!
* * * LOW HITPOINT WARNING * * *
Casting: Vampiric Draining (quite dangerous; 7% risk of failure)
Confirm with . or Enter, or press ? or * to list all spells.
The spell is quite dangerous to miscast (7% risk of failure)!
Continue anyway?
Aiming: Vampiric Draining (quite dangerous; 7% risk of failure)
Press: ? - help, Shift-Dir - straight line, f/p - gnoll
Aim: a gnoll, wielding a +1 spear of chaos (severely wounded)
You miscast Vampiric Draining.
You are very lightly contaminated with residual magic.
Nothing appears to happen.
The gnoll hits you with a +1 spear of chaos!
You die...

#..###.<.##....## #
#...........#.#.## # .
#.####..##.##.##.# # .. #.#
#...........# # .~###
#.####..##.##.##.# #
#~~####........##.#.#..####
##..####...# #.......##
##..#)####...####..###.##
.#~..g.#..g@..........# #...
..⌠....#######.##.....###.##
##~^⌠## #.##.........#
~.≈..⌠~ #.....÷..#.###
.##~.~# ####.......####
#..g## #...........
########.##########
.........# ##########


You could see a gnoll.

Vanquished Creatures
  An orc wizard (D:3)
  2 adders
  2 dart slugs
  4 orcs (D:3)
  4 endoplasms
  A giant cockroach (D:1)
  4 goblins
  5 hobgoblins
  3 quokkas (D:2)
  6 ball pythons
  3 bats
  5 frilled lizards
  4 kobolds
  3 rats
47 creatures vanquished.

Notes
Turn   | Place    | Note
-------+----------+-------------------------------------------
     0 | D:1      | Esekla the Octopode Necromancer began the quest for the
                  | Orb.
     0 | D:1      | Reached XP level 1. HP: 11/11 MP: 3/3
   234 | D:1      | Reached XP level 2. HP: 13/17 MP: 5/5
   871 | D:2      | Reached XP level 3. HP: 16/22 MP: 4/6
   875 | D:2      | Learned a level 3 spell: Vampiric Draining
  1509 | D:3      | Reached XP level 4. HP: 27/27 MP: 7/7
  1638 | D:3      | Reached skill level 1 in Fighting
  1714 | D:3      | Found a hazy altar of Hepliaklqana.
  1758 | D:3      | Slain by a gnoll

Illustrated notes

Levels and vault maps discovered:
D:1:      tarquinn_simple_flora_water_f, layout_basic, serial_corexii_hall,
          corexii_hall_statues_l, chequers_hall_statues_y,
          minmay_misc_feat_nine_boxes, hangedman_abyss_or_decor_stabs
D:2:      minmay_wonky_spiral, layout_rooms
D:3:      layout_loops_ring, tgw_xom, nzn_hepliaklqana_mist_gate, uniq_robin

Skill      XL: |  1  2  3  4 |
---------------+-------------+-----
Stealth        | 3 |  3.5
Fighting       | 1 |  1.1
Short Blades   | |  0.3
Dodging        | |  2.4
Spellcasting   | |  2.2
Conjurations   | |  0.6
Necromancy     | |  4.8
Fire Magic     | |  0.4

Action                     |  1- 3 |  4- 6 || total
---------------------------+-------+-------++-------
  Melee: Unarmed           |    19 |       ||    19
         Constrict         |    20 |     4 ||    24
         Tentacles         |    18 |     5 ||    23
         Dagger            |    59 |    15 ||    74
         Punch             |     1 |       ||     1
   Cast: Vampiric Draining |     2 |     3 ||     5
   Stab: Sleeping          |    11 |     1 ||    12
 Armour: Skin              |     4 |     1 ||     5
  Dodge: Dodged            |    28 |     8 ||    36
